 Dungeon Crawl Stone Soup version 0.29-a0-824-gd827844252 (webtiles) character file.

Game seed: 2111305196854446612

1475 kevlar127 the Ruffian (level 8, -3/126 HPs)
             Began as a Troll Berserker on July 9, 2022.
             Was a Priest of Trog.
             Slain by an orc warrior
             ... wielding a +0 halberd
              (14 damage)
             ... in a bailey.
             The game lasted 00:09:21 (3174 turns).

kevlar127 the Ruffian (Troll Berserker)             Turns: 3174, Time: 00:09:24

Health: -3/126     AC:  4    Str: 28    XL:     8   Next: 49%
Magic:  7/7        EV: 10    Int:  3    God:    Trog [***...]
Gold:   342        SH:  0    Dex:  9    Spells: 7/7 levels left

rFire   . . .      SeeInvis .     - Unarmed
rCold   . . .      Faith    .   (no shield)
rNeg    . . .      Spirit   .   a - +0 animal skin
rPois   .          Reflect  .   (helmet restricted)
rElec   .          Harm     .   (no cloak)
rCorr   .          Rampage  .   (gloves unavailable)
Will    ++...                   (boots unavailable)
Stlth   ..........              (no amulet)
HPRegen 2.11/turn               (no ring)
MPRegen 0.10/turn               (no ring)

@: berserking, strong-willed, regenerating, very quick
A: large, unfitting armour, claws 3, regeneration 1, shaggy fur 1, tough skin 1
a: Renounce Religion, Berserk, Trog's Hand


You were in a bailey.
You worshipped Trog.
Trog was most pleased with you.
You visited 1 branch of the dungeon, and saw 6 of its levels.
You also visited: Bailey.

You collected 342 gold pieces.

Inventory:

Missiles
 d - 51 stones (quivered)
 i - 6 javelins
 m - 9 poisoned darts
 y - 3 boomerangs
Armour
 a - a +0 animal skin (worn)
Jewellery
 p - an amulet of regeneration
 s - a ring of flight
 u - an amulet of the acrobat
Wands
 o - a wand of polymorph (17)
 t - a wand of flame (14)
Scrolls
 b - 5 scrolls of identify {unknown}
 f - a scroll of enchant armour {unknown}
 g - a scroll of teleportation {unknown}
 k - 2 scrolls of enchant weapon {unknown}
 n - 2 scrolls of magic mapping {unknown}
 r - a scroll of fog {unknown}
 v - a scroll of vulnerability {unknown}
 A - a scroll of noise {unknown}
Potions
 c - a potion of might {unknown}
 e - 2 potions of cancellation {unknown}
 h - a potion of magic {unknown}
 j - a potion of curing {unknown}
 l - 2 potions of brilliance {unknown}
 q - 2 potions of heal wounds {unknown}
 w - a potion of ambrosia {unknown}
 x - 2 potions of attraction {unknown}
 z - a potion of lignification {unknown}


   Skills:
 + Level 6.3 Fighting
 + Level 3.1 Throwing
 - Level 2.4 Dodging
 + Level 7.6 Unarmed Combat


You had 7 spell levels left.
You didn't know any spells.
Your spell library was empty.

Dungeon Overview and Level Annotations

Branches:
Dungeon (8/15)             Bailey (1/1)
 Temple: D:4-7         Lair: D:8-11

Altars:
Cheibriados
Xom


Innate Abilities, Weirdness & Mutations

You are too large for most types of armour.
You have claws for hands.
Your natural rate of healing is unusually fast.
You are covered in fur. (AC +1)
You have tough skin. (AC +1)


Message History

You claw the orc!
You kill the orc!
Trog accepts your kill.
The orc hits you from afar with a +0 trident!
The orc hits you from afar with a +0 trident.
The orc hits you from afar with a +4 trident!
The orc warrior hits you from afar with a +0 halberd!
The orc warrior closely misses you.
Your skin crawls.
You feel strong-willed.
The orc hits you from afar with a +0 trident. x2
* * * LOW HITPOINT WARNING * * *
The orc barely misses you. x2; The orc warrior closely misses you.
The orc warrior barely misses you.
Unknown command.
A red film seems to cover your vision as you go berserk!
You feel yourself moving faster!
You feel mighty! The orc barely misses you. The orc closely misses you.
The orc misses you. The orc closely misses you.
The orc warrior hits you from afar with a +0 halberd.
* * * LOW HITPOINT WARNING * * *
The orc warrior closely misses you.
Unknown command.
You closely miss the orc. You claw the orc!
You kill the orc!
Trog accepts your kill. The orc closely misses you.
The orc hits you from afar with a +0 trident.
* * * LOW HITPOINT WARNING * * *
The orc barely misses you. The orc warrior barely misses you.
The orc warrior hits you from afar with a +0 halberd.
* * * LOW HITPOINT WARNING * * *
The orc hits you from afar with a +0 trident.
* * * LOW HITPOINT WARNING * * *
The orc hits you with a +4 trident.
* * * LOW HITPOINT WARNING * * *
The orc warrior hits you from afar with a +0 halberd!
* * * LOW HITPOINT WARNING * * *
The orc warrior hits you from afar with a +0 halberd!
You die...

####### #########
##..o))## ##........
#...o..)######.....#...
+...##@o#....#....###..
+....8ooo....'...))8...
+...##.o#....#...)###..
#.......######...))#...
##.....## ##....)...
####### #########


You could see 2 orc warriors and 5 orcs.

Vanquished Creatures
  Grinder (D:3)
  2 vampire mosquitoes (D:8)
  Eustachio (D:5)
  3 black bears
  A centaur (D:8)
  An ogre (D:5)
  A necrophage (D:5)
  A hound (D:5)
  An orc priest (D:5)
  Jessica (D:2)
  2 iguanas (D:4)
  An orc wizard (D:3)
  Natasha (thrice) (D:2)
  An adder (D:5)
  3 gnolls (D:5)
  A white imp (D:5)
  A dart slug (D:1)
  2 worms
  18 orcs
  4 bats
  2 endoplasms
  5 giant cockroaches
  12 goblins
  7 hobgoblins
  11 jackals
  2 quokkas (D:3)
  5 ball pythons
  2 frilled lizards (D:1)
  2 kobolds
  3 rats
100 creatures vanquished.

Notes
Turn   | Place    | Note
-------+----------+-------------------------------------------
     0 | D:1      | kevlar127 the Troll Berserker began the quest for the Orb.
     0 | D:1      | Reached XP level 1. HP: 22/22 MP: 0/0
    70 | D:1      | Reached XP level 2. HP: 29/29 MP: 1/1
   529 | D:2      | Noticed Natasha
   537 | D:2      | Killed Natasha
   538 | D:2      | Reached XP level 3. HP: 28/37 MP: 2/2
   583 | D:2      | Reached skill level 4 in Unarmed Combat
   602 | D:2      | Noticed Natasha
   608 | D:2      | Killed Natasha
   609 | D:2      | Reached XP level 4. HP: 43/45 MP: 3/3
   618 | D:2      | Reached ** piety under Trog
   635 | D:2      | Noticed Natasha
   636 | D:2      | Noticed Jessica
   645 | D:2      | Killed Natasha
   646 | D:2      | Killed Jessica
  1086 | D:3      | Reached XP level 5. HP: 53/54 MP: 4/4
  1215 | D:3      | Noticed Grinder
  1220 | D:3      | Found a snail-covered altar of Cheibriados.
  1236 | D:3      | Killed Grinder
  1237 | D:3      | Reached skill level 5 in Unarmed Combat
  1237 | D:3      | Reached XP level 6. HP: 55/63 MP: 5/5
  1375 | D:3      | Found a shimmering altar of Xom.
  1390 | D:3      | Found a shimmering altar of Xom.
  1407 | D:3      | Found a shimmering altar of Xom.
  1875 | D:4      | Reached skill level 5 in Fighting
  1875 | D:4      | Reached skill level 6 in Unarmed Combat
  1875 | D:4      | Reached XP level 7. HP: 39/72 MP: 6/6
  2365 | D:5      | Entered Level 5 of the Dungeon
  2371 | D:5      | Reached *** piety under Trog
  2405 | D:5      | Noticed Eustachio
  2434 | D:5      | Killed Eustachio
  2435 | D:5      | Reached skill level 1 in Throwing
  2543 | D:5      | Reached skill level 7 in Unarmed Combat
  2543 | D:5      | Reached XP level 8. HP: 55/83 MP: 7/7
  2851 | D:5      | You fall into a shaft and drop 3 floors!
  3055 | D:8      | Found a flagged portal.
  3083 | D:8      | Noticed a two-headed ogre
  3087 | Bailey   | Entered a bailey
  3174 | Bailey   | Slain by an orc warrior

Illustrated notes

Levels and vault maps discovered:
D:1:      dpeg_arrival_tiny_a, layout_basic
D:2:      layout_basic, uniq_jessica, uniq_natasha
D:3:      layout_rooms, xom_redecorated, mainiacjoe_overflow_small_starburst,
          grunt_ministairs_6, chequers_serial_rivers_room_b,
          minmay_misc_feat_roman, uniq_grinder
D:4:      layout_rooms
D:5:      layout_loops_cross, uniq_eustachio
D:8:      layout_loops_cross, enter_bailey_5, nicolae_ossuary_entry_plus,
          dk_noncrumbling_2
Bailey:   bailey_polearm_5, bailey

Skill      XL: |  1  2  3  4  5  6  7  8 |
---------------+-------------------------+-----
Fighting       | 3 4 5 6 |  6.3
Unarmed Combat | 4 5 6 7 |  7.6
Throwing       | 1 3 |  3.1
Dodging        | |  2.4

Action                   |  1- 3 |  4- 6 |  7- 9 || total
-------------------------+-------+-------+-------++-------
Melee: Unarmed           |    87 |   100 |   111 ||   298
       Punch             |     1 |     2 |     3 ||     6
Invok: Trog's Hand       |       |     1 |     3 ||     4
       Berserk           |       |     1 |     4 ||     5
Armor: Animal skin       |    48 |    36 |    28 ||   112
       Skin              |       |     2 |       ||     2
Dodge: Dodged            |    62 |    53 |    91 ||   206

Table legend: (Time is in decaauts)
 A = Elapsed time spent in this place.
 B = Non-inter-level travel time spent in this place.
 C = Inter-level travel time spent in this place.
 D = Time resting spent in this place.
 E = Time spent auto-exploring this place.
 F = Levels seen in this place.
 G = Mean time per level.
                   A        B        C        D        E       F      G
               +--------+--------+--------+--------+--------+-----+--------+
         Total |   3178 |   3019 |    159 |    462 |   1955 |   7 |  454.0 |
       Dungeon |   3094 |   2935 |    159 |    462 |   1906 |   6 |  515.7 |
        Bailey |     83 |     83 |      0 |      0 |     49 |   1 |   83.0 |
               +--------+--------+--------+--------+--------+-----+--------+

Top non-repeatable levels by time:
     D:4: 677 daAuts
     D:2: 630 daAuts
     D:3: 612 daAuts
     D:5: 493 daAuts
     D:1: 439 daAuts
     D:8: 242 daAuts
  Bailey: 83 daAuts
